| TOP OF THE 1ST |
|
Oakland Athletics batting - Pitching for Cleveland Spiders : RHP Vinny Mendoza
|
|
Pitching: RHP Vinny Mendoza
|
|
|
Batting: RHB Scott Fletcher
|
0-0: Foul Ball, location: 2F 0-1: Ball 1-1: Foul Ball, location: 2F 1-2: Ball 2-2: Foul Ball, location: 2F 2-2: Ground out 2-3 (Groundball, 15S, EV 65.0 MPH)
|
|
Batting: LHB Ruppert Jones
|
0-0: Swinging Strike 0-1: Foul Ball, location: 2F 0-2: Foul Ball, location: 2F 0-2: Foul Ball, location: 2F 0-2: Ball 1-2: DOUBLE (Line Drive, 89D, EV 105.6 MPH)
|
|
Batting: RHB Dave Henderson
|
0-0: 2-RUN HOME RUN (Flyball, 7LD, EV 96.3 MPH), Distance : 352 ft
|
|
Batting: LHB Reggie Jackson
|
0-0: Ball 1-0: Foul Ball, location: 2F 1-1: Called Strike 1-2: Ball 2-2: SOLO HOME RUN (Flyball, 78XD, EV 101.3 MPH), Distance : 406 ft
|
|
Batting: RHB George Hendrick
|
0-0: Ball 1-0: Called Strike 1-1: Foul Ball, location: 2F 1-2: Strikes out swinging
|
|
Batting: RHB Earl C Williams
|
0-0: Ball 1-0: Foul Ball, location: 2F 1-1: Hit by Pitch
|
|
Batting: LHB Ben Oglivie
|
0-0: Ball 1-0: Called Strike 1-1: Foul Ball, location: 2F 1-2: SINGLE (Groundball, 4MS, EV 73.1 MPH) (infield hit) Earl C Williams to second
|
|
Batting: RHB Barry Evans
|
0-0: Ball 1-0: Foul Ball, location: 2F 1-1: Swinging Strike 1-2: Strikes out swinging
|
| Top of the 1st over - 3 runs, 4 hits, 0 errors, 2 left on base; Oakland 3 - Cleveland 0 |
| BOTTOM OF THE 1ST |
|
Cleveland Spiders batting - Pitching for Oakland Athletics : LHP Gerald Tyler
|
|
Pitching: LHP Gerald Tyler
|
|
|
Batting: RHB Alan Trammell
|
0-0: SINGLE (Line Drive, 8LM, EV 93.1 MPH)
|
|
Batting: SHB Bump Wills
|
0-0: Ball 1-0: Called Strike 1-1: Ball 2-1: Fly out, F9 (Line Drive, 9D, EV 100.0 MPH)
|
|
Batting: RHB Cressy Pratt
|
0-0: Called Strike 0-1: Ball 1-1: Swinging Strike 1-2: DOUBLE (Line Drive, 8LXD, EV 111.9 MPH) Alan Trammell to third Runner from 3rd tries for Home, SAFE, no throw by CF
|
|
Batting: RHB Clayton Elliott
|
0-0: Called Strike 0-1: Ball 1-1: Ball 2-1: Ball 3-1: Base on Balls
|
|
Batting: SHB Salvador Perez
|
0-0: Foul Ball, location: 2F 0-1: Ball 1-1: Ball 2-1: Ball 3-1: Called Strike 3-2: Foul Ball, location: 2F 3-2: SINGLE (Line Drive, 8LS, EV 94.4 MPH) Cressy Pratt to third Clayton Elliott to second Runner from 3rd tries for Home, SAFE, throw by CF to home
|
|
Batting: RHB Tom Brunansky
|
0-0: Called Strike Clayton Elliott steals 3rd base Salvador Perez to second 0-1: Foul Ball, location: 2F 0-2: Ball 1-2: Strikes out looking
|
|
Batting: RHB Kevin Bell
|
0-0: Called Strike 0-1: Ball 1-1: Foul Ball, location: 2F 1-2: Ball 2-2: Strikes out swinging
|
| Bottom of the 1st over - 2 runs, 3 hits, 0 errors, 2 left on base; Oakland 3 - Cleveland 2 |
| TOP OF THE 2ND |
|
Oakland Athletics batting - Pitching for Cleveland Spiders : RHP Vinny Mendoza
|
|
Batting: RHB Fred Andrews
|
0-0: Ball 1-0: SOLO HOME RUN (Line Drive, 7D, EV 108.1 MPH), Distance : 391 ft
|
|
Batting: RHB Scott Fletcher
|
0-0: Ball 1-0: Called Strike 1-1: Called Strike 1-2: Ball 2-2: Foul Ball, location: 2F 2-2: Foul Ball, location: 2F 2-2: Foul Ball, location: 2F 2-2: Ball 3-2: Foul Ball, location: 2F 3-2: Base on Balls
|
|
Batting: LHB Ruppert Jones
|
0-0: Ball Scott Fletcher steals 2nd base 1-0: Ball 2-0: Called Strike 2-1: Ground out 4-3 (Groundball, 4, EV 91.3 MPH) Scott Fletcher to third
|
|
Batting: RHB Dave Henderson
|
0-0: Called Strike 0-1: Foul Ball, location: 2F 0-2: Foul Ball, location: 2F 0-2: Ball 1-2: SINGLE (Groundball, 56D, EV 103.8 MPH) Scott Fletcher scores
|
|
Batting: LHB Reggie Jackson
|
0-0: Ball 1-0: Foul Ball, location: 2F 1-1: Ball 2-1: Foul Ball, location: 2F 2-2: Foul Ball, location: 2F 2-2: Strikes out swinging
|
|
Batting: RHB George Hendrick
|
0-0: Ball 1-0: Called Strike 1-1: Called Strike 1-2: Foul Ball, location: 2F 1-2: Fly out, F7 (Flyball, 7LS, EV 83.1 MPH)
|
| Top of the 2nd over - 2 runs, 2 hits, 0 errors, 1 left on base; Oakland 5 - Cleveland 2 |
| BOTTOM OF THE 2ND |
|
Cleveland Spiders batting - Pitching for Oakland Athletics : LHP Gerald Tyler
|
|
Batting: RHB Jesse Barfield
|
0-0: Called Strike 0-1: Ball 1-1: Fly out, F8 (Flyball, 8LD, EV 93.8 MPH)
|
|
Batting: RHB Tom Dodd
|
0-0: Ball 1-0: Called Strike 1-1: TRIPLE (Flyball, 9D, EV 100.0 MPH)
|
|
Batting: RHB Alan Trammell
|
0-0: Called Strike 0-1: Called Strike 0-2: Ball 1-2: Ball 2-2: Foul Ball, location: 2F 2-2: Ball Wild Pitch! Tom Dodd scores 3-2: Strikes out swinging
|
|
Batting: SHB Bump Wills
|
0-0: Called Strike 0-1: Ball 1-1: Swinging Strike 1-2: Ball 2-2: Foul Ball, location: 2F 2-2: Strikes out looking
|
| Bottom of the 2nd over - 1 run, 1 hit, 0 errors, 0 left on base; Oakland 5 - Cleveland 3 |
| TOP OF THE 3RD |
|
Oakland Athletics batting - Pitching for Cleveland Spiders : RHP Vinny Mendoza
|
|
Batting: RHB Earl C Williams
|
0-0: Ball 1-0: SINGLE (Groundball, 6MD, EV 106.9 MPH)
|
|
Batting: LHB Ben Oglivie
|
0-0: Called Strike 0-1: Ball 1-1: Fly out, F2 (Popup, 25F, EV 85.6 MPH)
|
|
Batting: RHB Barry Evans
|
0-0: Ball 1-0: Ball 2-0: Called Strike 2-1: Foul Ball, location: 2F 2-2: Strikes out swinging
|
|
Batting: RHB Fred Andrews
|
0-0: Called Strike 0-1: Foul Ball, location: 2F 0-2: Ball 1-2: SINGLE (Groundball, 5D, EV 106.9 MPH) Earl C Williams to second
|
|
Batting: RHB Scott Fletcher
|
0-0: SINGLE (Line Drive, 6D, EV 101.9 MPH) Earl C Williams to third Fred Andrews to second Runner from 3rd tries for Home, SAFE, throw by CF to home
|
|
Batting: LHB Ruppert Jones
|
0-0: Ball 1-0: Ball 2-0: Foul Ball, location: 2F 2-1: Ground out U3 (Groundball, 3S, EV 63.1 MPH)
|
| Top of the 3rd over - 1 run, 3 hits, 0 errors, 2 left on base; Oakland 6 - Cleveland 3 |
| BOTTOM OF THE 3RD |
|
Cleveland Spiders batting - Pitching for Oakland Athletics : LHP Gerald Tyler
|
|
Batting: RHB Cressy Pratt
|
0-0: Ball 1-0: Called Strike 1-1: Foul Ball, location: 2F 1-2: Foul Ball, location: 2F 1-2: Strikes out swinging
|
|
Batting: RHB Clayton Elliott
|
0-0: Ball 1-0: SOLO HOME RUN (Flyball, 8LXD, EV 112.5 MPH), Distance : 427 ft
|
|
Batting: SHB Salvador Perez
|
0-0: SINGLE (Line Drive, 78S, EV 92.5 MPH)
|
|
Batting: RHB Tom Brunansky
|
0-0: Called Strike 0-1: Foul Ball, location: 2F 0-2: Ball 1-2: Fielders Choice at 2nd, 5-4 (Groundball, 56, EV 84.4 MPH)
|
|
Batting: RHB Kevin Bell
|
0-0: Ball 1-0: Ball 2-0: Ground out U3 (Groundball, 34S, EV 87.5 MPH)
|
| Bottom of the 3rd over - 1 run, 2 hits, 0 errors, 1 left on base; Oakland 6 - Cleveland 4 |
| TOP OF THE 4TH |
|
Oakland Athletics batting - Pitching for Cleveland Spiders : RHP Vinny Mendoza
|
|
Batting: RHB Dave Henderson
|
0-0: Ball 1-0: Swinging Strike 1-1: Called Strike 1-2: Strikes out swinging
|
|
Batting: LHB Reggie Jackson
|
0-0: Called Strike 0-1: Foul Ball, location: 2F 0-2: Ball 1-2: Strikes out swinging
|
|
Batting: RHB George Hendrick
|
0-0: Foul Ball, location: 2F 0-1: Foul Ball, location: 2F 0-2: Foul Ball, location: 2F 0-2: Ball 1-2: Fly out, F7 (Flyball, 78M, EV 89.4 MPH)
|
| Top of the 4th over - 0 runs, 0 hits, 0 errors, 0 left on base; Oakland 6 - Cleveland 4 |
| BOTTOM OF THE 4TH |
|
Cleveland Spiders batting - Pitching for Oakland Athletics : LHP Gerald Tyler
|
|
Batting: RHB Jesse Barfield
|
0-0: Ball 1-0: Ground out 2-3 (Groundball, 2L, EV 71.9 MPH)
|
|
Batting: RHB Tom Dodd
|
0-0: Ball 1-0: Called Strike 1-1: SINGLE (Groundball, 56S, EV 66.3 MPH) (infield hit)
|
|
Batting: RHB Alan Trammell
|
0-0: Called Strike 0-1: Ball 1-1: Ball 2-1: Foul Ball, location: 2F 2-2: Foul Ball, location: 2F 2-2: Strikes out swinging
|
|
Batting: SHB Bump Wills
|
0-0: Ball 1-0: Fly out, F8 (Flyball, 8LM, EV 73.1 MPH)
|
| Bottom of the 4th over - 0 runs, 1 hit, 0 errors, 1 left on base; Oakland 6 - Cleveland 4 |
| TOP OF THE 5TH |
|
Oakland Athletics batting - Pitching for Cleveland Spiders : RHP Vinny Mendoza
|
|
Batting: RHB Earl C Williams
|
0-0: Called Strike 0-1: Swinging Strike 0-2: SINGLE (Line Drive, 9S, EV 96.9 MPH)
|
|
Pitching: LHP Gary Williams
|
|
|
Batting: LHB Ben Oglivie
|
0-0: Called Strike 0-1: Foul Ball, location: 2F 0-2: Strikes out swinging
|
|
Batting: RHB Barry Evans
|
0-0: Called Strike 0-1: Foul Ball, location: 2F 0-2: Ball 1-2: Foul Ball, location: 2F 1-2: Foul Ball, location: 2F 1-2: 2-RUN HOME RUN (Flyball, 7D, EV 110.6 MPH), Distance : 393 ft
|
|
Batting: RHB Fred Andrews
|
0-0: Swinging Strike 0-1: Hit by Pitch
|
|
Batting: RHB Scott Fletcher
|
0-0: Ball 1-0: Foul Ball, location: 2F 1-1: Swinging Strike 1-2: Fielders Choice at 2nd, 1-6 (Groundball, 34S, EV 68.8 MPH)
|
|
Batting: LHB Ruppert Jones
|
0-0: Called Strike 0-1: SINGLE (Flyball, 7S, EV 95.6 MPH) Scott Fletcher to second Runner from 2nd tries for 3rd, OUT! 7-5
|
| Top of the 5th over - 2 runs, 3 hits, 0 errors, 1 left on base; Oakland 8 - Cleveland 4 |
| BOTTOM OF THE 5TH |
|
Cleveland Spiders batting - Pitching for Oakland Athletics : LHP Gerald Tyler
|
|
Batting: RHB Cressy Pratt
|
0-0: Called Strike 0-1: Ball 1-1: Called Strike 1-2: Ball 2-2: Ball 3-2: Strikes out swinging
|
|
Batting: RHB Clayton Elliott
|
0-0: Ball 1-0: Ball 2-0: Ball 3-0: Base on Balls
|
|
Batting: SHB Salvador Perez
|
0-0: SINGLE (Groundball, 6M, EV 101.9 MPH) (infield hit) Clayton Elliott to second
|
|
Batting: RHB Tom Brunansky
|
0-0: Foul Ball, location: 2F 0-1: Foul Ball, location: 2F 0-2: Ball 1-2: Foul Ball, location: 2F 1-2: Ball 2-2: SINGLE (Groundball, 56D, EV 97.5 MPH) Clayton Elliott to third Salvador Perez to second Runner from 3rd tries for Home, SAFE, throw by LF to home
|
|
Batting: RHB Kevin Bell
|
0-0: Ball Salvador Perez steals 3rd base 1-0: Foul Ball, location: 2F 1-1: SINGLE (Groundball, 56D, EV 95.0 MPH) Salvador Perez scores Tom Brunansky to second Runner from 2nd tries for 3rd, SAFE, no throw by LF
|
|
Pitching: LHP Bob Falcon
|
|
|
Batting: RHB Jesse Barfield
|
0-0: Ball 1-0: Ball 2-0: Ball 3-0: Called Strike 3-1: Base on Balls Kevin Bell to second
|
|
Batting: RHB Tom Dodd
|
0-0: SINGLE (Groundball, 56, EV 93.8 MPH) Tom Brunansky scores Kevin Bell to third Jesse Barfield to second Runner from 3rd tries for Home, SAFE, throw by LF to home
|
|
Batting: RHB Alan Trammell
|
0-0: Called Strike 0-1: Ball 1-1: Ball 2-1: Called Strike 2-2: Foul Ball, location: 2F 2-2: Fly out, F7 (Line Drive, 7D, EV 92.5 MPH)
|
|
Batting: SHB Bump Wills
|
0-0: Called Strike 0-1: Fly out, F8 (Flyball, 8LD, EV 87.5 MPH)
|
| Bottom of the 5th over - 4 runs, 4 hits, 0 errors, 2 left on base; Oakland 8 - Cleveland 8 |
| TOP OF THE 6TH |
|
Oakland Athletics batting - Pitching for Cleveland Spiders : LHP Gary Williams
|
|
Batting: RHB Dave Henderson
|
0-0: Fly out, F3 (Popup, 3F, EV 75.6 MPH)
|
|
Batting: LHB Reggie Jackson
|
0-0: Ball 1-0: SINGLE (Flyball, 34D, EV 86.9 MPH)
|
|
Batting: RHB George Hendrick
|
0-0: Fielders Choice at 2nd, 1-4 (Groundball, P, EV 70.6 MPH)
|
|
Batting: RHB Earl C Williams
|
0-0: Foul Ball, location: 2F 0-1: DOUBLE (Line Drive, 89D, EV 100.0 MPH) George Hendrick to third Runner from 3rd tries for Home, SAFE, no throw by CF
|
|
Batting: LHB Ben Oglivie
|
0-0: Called Strike 0-1: Foul Ball, location: 2F 0-2: Ball Wild Pitch! Earl C Williams to third 1-2: SINGLE (Flyball, 3D, EV 92.5 MPH) Earl C Williams scores
|
|
Pitching: RHP Omar Huaman
|
|
|
Batting: RHB Barry Evans
|
0-0: Ball 1-0: Foul Ball, location: 2F 1-1: Foul Ball, location: 2F 1-2: Fielders Choice at 2nd, 5-4 (Groundball, 5, EV 104.4 MPH)
|
| Top of the 6th over - 2 runs, 3 hits, 0 errors, 1 left on base; Oakland 10 - Cleveland 8 |
| BOTTOM OF THE 6TH |
|
Cleveland Spiders batting - Pitching for Oakland Athletics : LHP Bob Falcon
|
|
Batting: RHB Cressy Pratt
|
0-0: Foul Ball, location: 2F 0-1: Ball 1-1: Foul Ball, location: 2F 1-2: DOUBLE (Line Drive, 9LM, EV 107.5 MPH)
|
|
Batting: RHB Clayton Elliott
|
0-0: Swinging Strike 0-1: Called Strike 0-2: Ball 1-2: Strikes out swinging
|
|
Batting: SHB Salvador Perez
|
0-0: Called Strike 0-1: Ball 1-1: Ball 2-1: Ball 3-1: Foul Ball, location: 2F 3-2: Ground out 6-3 (Groundball, 6S, EV 65.6 MPH) Cressy Pratt to third
|
|
Batting: RHB Tom Brunansky
|
0-0: Ball 1-0: Ball 2-0: Ball 3-0: Base on Balls
|
|
Batting: RHB Kevin Bell
|
0-0: Ball 1-0: Ball 2-0: Called Strike Tom Brunansky is caught stealing 2nd base 2-4
|
| Bottom of the 6th over - 0 runs, 1 hit, 0 errors, 1 left on base; Oakland 10 - Cleveland 8 |
| TOP OF THE 7TH |
|
Oakland Athletics batting - Pitching for Cleveland Spiders : RHP Omar Huaman
|
|
Batting: RHB Fred Andrews
|
0-0: Fly out, F7 (Flyball, 78M, EV 88.1 MPH)
|
|
Batting: RHB Scott Fletcher
|
0-0: Called Strike 0-1: Fly out, F4 (Flyball, 34D, EV 95.0 MPH)
|
|
Batting: LHB Ruppert Jones
|
0-0: Foul Ball, location: 2F 0-1: Ball 1-1: Ball 2-1: Ball 3-1: Ground out 5-3 (Groundball, 56, EV 106.9 MPH)
|
| Top of the 7th over - 0 runs, 0 hits, 0 errors, 0 left on base; Oakland 10 - Cleveland 8 |
| BOTTOM OF THE 7TH |
|
Cleveland Spiders batting - Pitching for Oakland Athletics : LHP Bob Falcon
|
|
Batting: RHB Kevin Bell
|
0-0: Ball 1-0: Called Strike 1-1: Foul Ball, location: 2F 1-2: Strikes out swinging
|
|
Batting: RHB Jesse Barfield
|
0-0: Called Strike 0-1: Swinging Strike 0-2: Foul Ball, location: 2F 0-2: Foul Ball, location: 2F 0-2: Ball 1-2: Strikes out swinging
|
|
Batting: RHB Tom Dodd
|
0-0: Fly out, F8 (Flyball, 8LM, EV 87.5 MPH)
|
| Bottom of the 7th over - 0 runs, 0 hits, 0 errors, 0 left on base; Oakland 10 - Cleveland 8 |
| TOP OF THE 8TH |
|
Oakland Athletics batting - Pitching for Cleveland Spiders : RHP Omar Huaman
|
|
Batting: RHB Dave Henderson
|
0-0: Ball 1-0: Foul Ball, location: 2F 1-1: Ball 2-1: Swinging Strike 2-2: Foul Ball, location: 2F 2-2: Strikes out swinging
|
|
Batting: LHB Reggie Jackson
|
0-0: Ball 1-0: Ball 2-0: Ball 3-0: Called Strike 3-1: Foul Ball, location: 2F 3-2: SOLO HOME RUN (Flyball, 9LD, EV 112.5 MPH), Distance : 345 ft
|
|
Batting: RHB George Hendrick
|
0-0: Ball 1-0: Ball 2-0: Called Strike 2-1: Ground out 4-3 (Groundball, 4M, EV 107.5 MPH)
|
|
Batting: RHB Earl C Williams
|
0-0: Called Strike 0-1: Swinging Strike 0-2: Ground out 4-3 (Groundball, 4, EV 93.1 MPH)
|
| Top of the 8th over - 1 run, 1 hit, 0 errors, 0 left on base; Oakland 11 - Cleveland 8 |
| BOTTOM OF THE 8TH |
|
Cleveland Spiders batting - Pitching for Oakland Athletics : LHP Bob Falcon
|
|
Batting: RHB Alan Trammell
|
0-0: Called Strike 0-1: Ball 1-1: Ball 2-1: Swinging Strike 2-2: Foul Ball, location: 2F 2-2: Strikes out swinging
|
|
Batting: SHB Bump Wills
|
0-0: Called Strike 0-1: Foul Ball, location: 2F 0-2: Ball 1-2: Strikes out swinging
|
|
Batting: RHB Cressy Pratt
|
0-0: Called Strike 0-1: Ball 1-1: Ground out 5-3 (Groundball, 56, EV 89.4 MPH)
|
| Bottom of the 8th over - 0 runs, 0 hits, 0 errors, 0 left on base; Oakland 11 - Cleveland 8 |
| TOP OF THE 9TH |
|
Oakland Athletics batting - Pitching for Cleveland Spiders : RHP Omar Huaman
|
|
Batting: LHB Ben Oglivie
|
0-0: Called Strike 0-1: Foul Ball, location: 2F 0-2: Fly out, F9 (Flyball, 9LM, EV 99.4 MPH)
|
|
Batting: RHB Barry Evans
|
0-0: Swinging Strike 0-1: Ball 1-1: Ball 2-1: SINGLE (Groundball, 6D, EV 105.6 MPH)
|
|
Batting: RHB Fred Andrews
|
0-0: Called Strike 0-1: Called Strike Barry Evans steals 2nd base 0-2: Strikes out swinging
|
|
Batting: RHB Scott Fletcher
|
0-0: Ball 1-0: Called Strike 1-1: Foul Ball, location: 2F 1-2: Strikes out swinging
|
| Top of the 9th over - 0 runs, 1 hit, 0 errors, 1 left on base; Oakland 11 - Cleveland 8 |
| BOTTOM OF THE 9TH |
|
Cleveland Spiders batting - Pitching for Oakland Athletics : LHP Bob Falcon
|
|
Batting: RHB Clayton Elliott
|
0-0: Called Strike 0-1: Ball 1-1: Called Strike 1-2: Foul Ball, location: 2F 1-2: Ball 2-2: Fly out, F4 (Flyball, 34D, EV 81.3 MPH)
|
|
Pitching: RHP Mitch Byrnes
|
|
|
Batting: SHB Salvador Perez
|
0-0: Ball 1-0: Ball 2-0: Called Strike 2-1: Ball 3-1: SINGLE (Groundball, 4MD, EV 98.1 MPH)
|
|
Batting: RHB Tom Brunansky
|
0-0: Ball 1-0: Ball 2-0: Called Strike 2-1: Called Strike 2-2: Strikes out looking
|
|
Batting: RHB Kevin Bell
|
0-0: Ball 1-0: Called Strike 1-1: Ball 2-1: Foul Ball, location: 2F 2-2: Ground out 4-3 (Groundball, 34, EV 92.5 MPH)
|
| Bottom of the 9th over - 0 runs, 1 hit, 0 errors, 1 left on base; Oakland 11 - Cleveland 8 |
|